 Dungeon Crawl Stone Soup version 0.30.0-19-g36f170ea60 (webtiles) character file.

Game seed: 12957579606852076148

79027 growler the Black Belt (level 15, -6/136 HPs)
             Began as a Merfolk Transmuter on May 26, 2023.
             Was a High Priest of Wu Jian.
             Mangled by a vault guard
             ... wielding a +0 great sword
              (14 damage)
             ... on level 13 of the Dungeon.
             The game lasted 01:18:28 (24986 turns).

growler the Black Belt (Merfolk Transmuter)        Turns: 24986, Time: 01:18:29

Health: -6/136     AC: 14    Str: 10    XL:     15   Next: 62%
Magic:  17/21      EV: 18    Int: 15    God:    Wu Jian [*****.]
Gold:   2081       SH:  0    Dex: 20    Spells: 0/22 levels left

rFire   . .          .
                       - Unarmed
rCold   . . .        (shield currently unavailable)
rNeg    . . .        C - +0 steam dragon scales
rPois   .            (no helmet)
rElec   .            r - +1 cloak
rCorr   .            O - melded +0 pair of fencer's gloves {Riposte Dex+3}
SInv    +            l - +2 pair of boots
Will    +....        W - amulet of regeneration
Stlth   +++          c - ring of see invisible
HPRegen 1.22/turn    u - +4 ring of protection
MPRegen 0.17/turn

%: no passive effects
@: lethally poisoned (-6 -> -8), exhausted, blade hands (expiring)
A: (nimble swimmer 2), mertail
a: End Transformation, Renounce Religion, Wall Jump, Serpent's Lash, Heavenly
Storm


You were on level 13 of the Dungeon.
You worshipped Wu Jian.
Wu Jian was extremely pleased with you.
You had blades for hands.
You visited 4 branches of the dungeon, and saw 21 of its levels.
You also visited: Trove and Gauntlet.

You collected 2641 gold pieces.
You spent 560 gold pieces at shops.

Inventory:

Missiles
 j - 8 throwing nets
 M - 2 javelins
Armour
 l - a +2 pair of boots (worn)
 r - a +1 cloak (worn)
 C - +0 steam dragon scales (worn)
 O - the +0 pair of fencer's gloves (melded) {Riposte Dex+3}
   (You found it in a Gauntlet)

   Riposte:   It allows the wearer to riposte with melee weapons, swiftly
   retaliating against missed or blocked melee attacks.
   Dex:       It affects your dexterity (+3).
Jewellery
 c - a ring of see invisible (left blade hand)
 u - a +4 ring of protection (right blade hand)
 x - an amulet of the acrobat
 A - a ring of poison resistance
 K - a +6 ring of intelligence
 R - a ring of resist corrosion
 W - an amulet of regeneration (around neck)
 X - the ring "Cieseqyo" {rN+ rCorr}
   (You found it on level 4 of the Lair of Beasts)

   [ring of positive energy]

   rN:        It protects you from negative energy.
   rCorr:     It protects you from acid and corrosion.
Wands
 p - a wand of polymorph (27)
 v - a wand of mindburst (16)
 z - a wand of iceblast (35)
 B - a wand of flame (37)
 D - a wand of acid (6)
 N - a wand of paralysis (22)
 T - a wand of digging (8)
Scrolls
 d - 4 scrolls of enchant weapon
 g - 5 scrolls of vulnerability
 h - 3 scrolls of immolation
 i - 7 scrolls of magic mapping
 k - 5 scrolls of enchant armour
 o - 3 scrolls of noise
 q - 11 scrolls of identify
 s - 5 scrolls of teleportation
 y - a scroll of fear
 E - 4 scrolls of butterflies
 I - 3 scrolls of silence
 J - 4 scrolls of torment
 P - 3 scrolls of fog
 Q - 2 scrolls of amnesia {unknown}
 S - 3 scrolls of blinking
 U - a scroll of brand weapon {unknown}
Potions
 a - a potion of resistance {unknown}
 b - 12 potions of curing
 e - 2 potions of invisibility
 f - 8 potions of heal wounds
 m - 3 potions of magic
 t - 5 potions of might
 w - 6 potions of attraction
 F - 2 potions of cancellation
 V - 2 potions of mutation {unknown}
 Y - a potion of flight {unknown}
 Z - a potion of berserk rage {unknown}


   Skills:
 + Level 17.8 Fighting
 - Level 9.2 Dodging
 - Level 6.0 Stealth
 + Level 20.0 Unarmed Combat
 - Level 4.0 Spellcasting
 + Level 9.4 Transmutations
 - Level 4.0 Ice Magic


You couldn't memorise any spells.
You knew the following spells:

 Your Spells              Type           Power      Damage    Failure   Level
a - Beastly Appendage     Tmut           62%        N/A       11%         1
b - Wereblood             Tmut           31%        N/A       12%         2
c - Spider Form           Tmut/Pois      17%        N/A       41%         3
d - Ice Form              Ice/Tmut       23%        N/A       50%         4
e - Blade Hands           Tmut           15%        N/A       47%         5
f - Dragon Form           Tmut           15%        N/A       100%        7

Your spell library contained the following spells:

 Spells                   Type           Power      Damage    Failure   Level
 Freeze                   Ice            60%        1d7       28%         1
 Frozen Ramparts          Ice            30%        1d5       47%         3
 Foxfire                  Conj/Fire      12%        2x1d4     61%         1
 Magic Dart               Conj           12%        1d3       61%         1
 Hailstorm                Conj/Ice       9%         3d4       67%         3
 Blink                    Tloc           6%         N/A       69%         2
 Lesser Beckoning         Tloc           6%         N/A       69%         2
 Searing Ray              Conj           6%         2d4       69%         2
 Gell's Gravitas          Tloc           3%         N/A       86%         3
 Teleport Other           Tloc           3%         N/A       86%         3
 Tukima's Dance           Hex            3%         N/A       86%         3
 Alistair's Intoxication  Tmut/Pois      11%        N/A       91%         5
 Irradiate                Conj/Tmut      8%         3d14      91%         5
 Yara's Violent Unravell  Hex/Tmut       8%         3d5       91%         5
 Summon Ice Beast         Ice/Summ       9%         N/A       92%         4
 Fulminant Prism          Conj/Hex       1%         3d5       99%         4
 Iskenderun's Mystic Bla  Conj/Tloc      3%         2d3       99%         4
 Manifold Assault         Tloc           3%         N/A       99%         4
 Passage of Golubria      Tloc           3%         N/A       99%         4
 Arcjolt                  Conj/Air       1%         1d11      100%        5
 Iskenderun's Battlesphe  Conj           3%         2d6       100%        5
 Iron Shot                Conj/Erth      1%         9d1       100%        6
 Spellforged Servitor     Conj/Summ      1%         N/A       100%        7
 Storm Form               Tmut/Air       8%         N/A       100%        7


Dungeon Overview and Level Annotations

Branches:
Dungeon (13/15)            Temple (1/1) D:5            Lair (5/5) D:9
  Swamp (0/4) Lair:3        Snake (0/4) Lair:3        Slime (0/5) Lair:4
    Orc (2/2) D:11            Elf (0/3) Orc:2        Vaults (0/5) D:13
Gauntlet (visited)

Altars:
Cheibriados
Dithmenos
Fedhas
Kikubaaqudgha
Makhleb
Ru
Sif Muna
Wu Jian
Yredelemnul
Zin
The Shining One
Jiyva

Shops:
D:1 (=   D:8 *   D:10 !   D:11 !   Orc:1 (   Orc:2 [?*?

Annotations:
D:3 3 runed translucent doors, ChrisAssaf's ghost, weakling GnIE
D:5 1 runed translucent door, Crazy Yiuf


Innate Abilities, Weirdness & Mutations

You have blades for hands.
Your spellcasting is less reliable in this form.
You are incapable of wielding weapons or throwing items.
((You are very nimble when in or above water. (Stealth+, EV+, Speed+++)))
Your lower body shifts to a powerful aquatic tail in water.


Message History

You hear a shout!
You feel very sick.
You spin and attack the vault guard, with incredible momentum.
You slash the vault guard! Your slash misses the vault guard.
The vault guard is lightly wounded.
Your supernatural speed expires.
Unknown command.
A vault guard comes into view. It is wielding a +0 battleaxe.
You spin and attack the vault guard.
You slice the vault guard!!
You slash the vault guard, but do no damage.
The vault guard is heavily wounded.
You spin and attack the vault guard repeatedly.
You slash the vault guard! Your slash misses the vault guard.
The vault guard is moderately wounded.
You barely miss the vault guard.
The vault guard is moderately wounded.
You feel very sick.
The vault guard hits you with a +0 great sword!
* * * LOW HITPOINT WARNING * * *
The vault guard completely misses you.
A vault guard comes into view. It is wielding a +0 great mace.
You spin and attack the vault guard repeatedly.
You slash the vault guard!
The vault guard is heavily wounded.
You slice the vault guard!!
You kill the vault guard!
The Council accepts your kill.
You spin and attack the vault guard.
You slice the vault guard!!
The vault guard is moderately wounded.
You feel very sick.
The vault guard hits you but does no damage.
A four-headed hydra comes into view.
Your Unarmed Combat skill increases to level 20!
You feel very sick.
The vault guard attacks as you move away!
The vault guard hits you with a +0 great sword!!
* * * LOW HITPOINT WARNING * * *
The vault guard attacks as you move away!
The vault guard hits you with a +0 great sword!
You die...

##.# #..## .... ##.# ##
#.)# ##.##### #..#
#......# ####.)#####p[
#......### # #..#p..p.pp.∩
#.......##.###..@pp#####D.
#..........#.#.....#
#.............#....#
##>..<.............###
........[............#
##...###.............#
#.....................
#...#............#.....
....##...........###.....


You could see 6 vault guards.

Vanquished Creatures
  An orc warlord (Orc:1)
  Nessos (D:13)
  A minotaur (Gauntlet)
  A fire dragon (Lair:5)
  Fannar (Orc:1)
  3 entropy weavers (Lair:4)
  Harold (Orc:1)
  A vault guard (D:13)
  2 hydras (Lair:5)
  2 ghost crabs (Lair:4)
  Erica (Orc:1)
  2 catoblepae
  2 two-headed ogres
  2 boulder beetles
  Urug (Orc:2)
  Amaemon (D:11)
  2 skysharks
  4 fire crabs (Lair:4)
  2 wizards (Gauntlet)
  4 orc knights
  A swamp dragon (Lair:3)
  3 lindwurms
  A wolf spider (Lair:5)
  A cyclops (D:11)
  An ugly thing (D:12)
  9 elephants
  9 black mambas
  An ice statue (Gauntlet)
  An apocalypse crab (Lair:4)
  A guardian serpent (Lair:5)
  An orange demon (D:11)
  14 cane toads
  7 torpor snails
  13 komodo dragons
  2 rime drakes
  An unseen horror (D:11)
  9 trolls
  10 hornets (Lair:5)
  3 tyrant leeches (Lair:5)
  A polar bear (Lair:5)
  9 blink frogs
  6 dream sheep (Lair:5)
  6 flying skulls (Gauntlet)
  11 wyverns
  3 shadows
  3 wraiths
  76 yaks
  A redback (Lair:5)
  6 basilisks
  5 steam dragons
  12 vampire mosquitoes
  3 wargs
  2 acid dragons
  25 water moccasins
  32 orc warriors
  2 ice beasts
  3 black bears
  2 sky beasts
  6 ogres
  12 wolves
  9 centaurs
  4 kobold brigands
  9 bullfrogs
  5 gnoll sergeants
  4 scorpions
  16 wights
  5 killer bees (D:7)
  2 electric eels (Lair:5)
  7 howler monkeys
  7 jellies
  16 orc priests
  5 hounds
  13 iguanas
  Ijyb (D:5)
  18 orc wizards
  27 gnolls
  4 adders
  2 river rats (D:3)
  2 shadow imps (Gauntlet)
  5 white imps
  A worm (D:3)
  A dart slug (D:1)
  95 orcs
  5 bats
  6 endoplasms
  6 giant cockroaches
  6 goblins
  6 hobgoblins
  10 jackals (D:1)
  8 quokkas
  12 ball pythons
  4 frilled lizards
  36 kobolds
  10 rats
716 creatures vanquished.

Vanquished Creatures (others)
  2 rime drakes (Gauntlet)
2 creatures vanquished.

Grand Total: 718 creatures vanquished

Notes
Turn   | Place    | Note
-------+----------+-------------------------------------------
     0 | D:1      | growler the Merfolk Transmuter began the quest for the Orb.
     0 | D:1      | Reached XP level 1. HP: 15/15 MP: 3/3
   110 | D:1      | Reached XP level 2. HP: 16/21 MP: 5/5
   163 | D:1      | Learned a level 2 spell: Wereblood
   335 | D:1      | Reached XP level 3. HP: 21/26 MP: 4/6
   350 | D:1      | Learned a level 3 spell: Spider Form
   378 | D:1      | Found Pureexez's Weapon Shoppe.
   623 | D:1      | Reached skill level 4 in Unarmed Combat
   871 | D:1      | Reached XP level 4. HP: 26/32 MP: 5/8
   911 | D:1      | Found Lopichywk's Jewellery Shoppe.
  1131 | D:2      | You fall into a shaft and drop 1 floor!
  1131 | D:3      | Found a burning altar of Makhleb.
  1134 | D:3      | Found a blossoming altar of Fedhas.
  1546 | D:2      | Reached XP level 5. HP: 37/37 MP: 4/9
  1550 | D:2      | Reached skill level 5 in Unarmed Combat
  1563 | D:2      | Learned a level 4 spell: Ice Form
  1923 | D:2      | Found a faded altar of an unknown god.
  2337 | D:3      | Found a snail-covered altar of Cheibriados.
  2429 | D:3      | Reached skill level 6 in Unarmed Combat
  2523 | D:3      | Found a runed translucent gate.
  2523 | D:3      | Found a runed translucent gate.
  2523 | D:3      | Found a runed translucent gate.
  2557 | D:3      | Noticed ChrisAssaf's ghost (weakling GnIE)
  2651 | D:3      | Reached XP level 6. HP: 39/43 MP: 5/10
  3584 | D:4      | Reached skill level 7 in Unarmed Combat
  3953 | D:5      | Entered Level 5 of the Dungeon
  3953 | D:5      | Noticed an ice beast
  4091 | D:5      | Reached XP level 7. HP: 30/48 MP: 11/11
  4288 | D:5      | Found a staircase to the Ecumenical Temple.
  4305 | Temple   | Entered the Ecumenical Temple
  4311 | Temple   | Became a worshipper of the Wu Jian Council
  4417 | D:5      | Reached skill level 8 in Unarmed Combat
  4578 | D:5      | Found a sacrificial altar of Ru.
  4579 | D:5      | Found a glowing golden altar of the Shining One.
  4584 | D:5      | Noticed Ijyb
  4597 | D:5      | Killed Ijyb
  4947 | D:5      | Reached skill level 9 in Unarmed Combat
  4984 | D:5      | Found a runed translucent door.
  4985 | D:5      | Noticed Crazy Yiuf
  5175 | D:5      | Reached XP level 8. HP: 54/54 MP: 5/12
  5197 | D:5      | Reached skill level 10 in Unarmed Combat
  5874 | D:6      | Reached skill level 1 in Ice Magic
  6188 | D:6      | Reached * piety under Wu Jian
  6195 | D:6      | Reached skill level 5 in Transmutations
  6291 | D:6      | Reached XP level 9. HP: 63/63 MP: 11/14
  7091 | D:6      | Reached skill level 1 in Stealth
  7369 | D:7      | Reached skill level 11 in Unarmed Combat
  7601 | D:7      | Reached skill level 5 in Fighting
  7772 | D:7      | Reached ** piety under Wu Jian
  7777 | D:7      | Reached skill level 5 in Dodging
  7777 | D:7      | Reached XP level 10. HP: 74/74 MP: 12/16
  8215 | D:8      | Reached skill level 5 in Stealth
  8473 | D:8      | Reached *** piety under Wu Jian
  8647 | D:8      | Reached skill level 12 in Unarmed Combat
  8694 | D:8      | Found Aghuxarhe's Changing Room.
  9110 | D:9      | Identified the +0 rapier of Vaymmupn {spect, Drain rElec
                  | rCorr Str+6}
  9261 | D:9      | Noticed a cyclops
  9268 | D:9      | Noticed a two-headed ogre
  9366 | D:9      | Killed a two-headed ogre
  9367 | D:9      | Reached XP level 11. HP: 73/84 MP: 13/17
  9973 | D:9      | Found a staircase to the Lair.
 10081 | D:10     | Entered Level 10 of the Dungeon
 10127 | D:10     | Found Talat's Distillery.
 10172 | D:10     | Found a basalt altar of Yredelemnul.
 10172 | D:10     | Found a glowing silver altar of Zin.
 10647 | D:10     | Reached skill level 13 in Unarmed Combat
 10989 | D:11     | Reached **** piety under Wu Jian
 11088 | D:11     | Found Setalu Ecyed's Distillery.
 11140 | D:11     | Noticed Amaemon
 11164 | D:11     | Killed Amaemon
 11165 | D:11     | Reached skill level 10 in Fighting
 11165 | D:11     | Reached XP level 12. HP: 93/97 MP: 15/18
 11188 | D:11     | Found a gate leading to a gauntlet.
 11199 | Gauntlet | Entered a Gauntlet
 11199 | Gauntlet | Found a transporter.
 11294 | Gauntlet | Found a transporter.
 11313 | Gauntlet | Found a transporter.
 11320 | Gauntlet | Noticed a thrashing horror
 11321 | Gauntlet | Found a transporter.
 11342 | Gauntlet | Found a transporter.
 11347 | Gauntlet | Noticed a ghost crab
 11353 | Gauntlet | Found a transporter.
 11365 | Gauntlet | Found a transporter.
 11384 | Gauntlet | Found a transporter.
 11398 | Gauntlet | Found a transporter.
 11399 | Gauntlet | Found a transporter.
 11445 | Gauntlet | Found a transporter.
 11462 | Gauntlet | Found a transporter.
 11578 | Gauntlet | Reached skill level 14 in Unarmed Combat
 11594 | Gauntlet | Found a transporter.
 11598 | Gauntlet | Identified the +0 ring mail "Kyazuciy" {Rampage}
 11749 | Gauntlet | Identified the +0 hat of Itaomm {Harm Stlth+}
 11769 | Gauntlet | Found the +0 pair of fencer's gloves {Riposte Dex+3}
 11769 | Gauntlet | Noticed a minotaur
 11781 | Gauntlet | Killed a minotaur
 12134 | D:11     | Found a portal to a secret trove of treasure.
 12214 | Trove    | Entered a treasure trove
 12356 | D:8      | Bought a book of Transfigurations for 560 gold pieces
 12362 | D:8      | Learned a level 5 spell: Blade Hands
 12633 | D:11     | Found a staircase to the Orcish Mines.
 12956 | Lair:1   | Entered Level 1 of the Lair of Beasts
 13154 | Lair:1   | Reached skill level 15 in Unarmed Combat
 13940 | Lair:2   | Reached XP level 13. HP: 108/108 MP: 14/19
 15153 | Lair:3   | Reached skill level 16 in Unarmed Combat
 15332 | Lair:3   | Found a staircase to the Snake Pit.
 15814 | Lair:3   | Found a staircase to the Swamp.
 16628 | Lair:4   | Found a runed translucent door.
 16960 | Lair:4   | Identified the ring "Cieseqyo" {rN+ rCorr}
 16995 | Lair:4   | Reached skill level 17 in Unarmed Combat
 17062 | Lair:4   | Found a viscous altar of Jiyva.
 17062 | Lair:4   | Found a staircase to the Slime Pits.
 17750 | Lair:4   | Noticed an entropy weaver
 18288 | Lair:4   | Killed an entropy weaver
 18289 | Lair:4   | Reached XP level 14. HP: 108/121 MP: 15/20
 18561 | Lair:4   | Reached skill level 15 in Fighting
 18571 | Lair:4   | Identified the staff of fire "Wulinnaane" {rF+ SInv}
 18825 | Lair:5   | Entered Level 5 of the Lair of Beasts
 19410 | Lair:5   | Reached skill level 18 in Unarmed Combat
 19589 | Lair:5   | Identified the +9 flail of Yredelemnul, Twisting {drain,
                  | rF- rN+ rCorr Dex+2}
 19633 | Lair:5   | Found a runed translucent door.
 19662 | Lair:5   | Paralysed by a hornet for 2 turns
 21386 | Lair:5   | Reached skill level 19 in Unarmed Combat
 21411 | Lair:5   | Reached XP level 15. HP: 109/132 MP: 16/21
 22124 | Orc:1    | Entered Level 1 of the Orcish Mines
 22215 | Orc:1    | Noticed Harold
 22221 | Orc:1    | Killed Harold
 22221 | Orc:1    | Reached ***** piety under Wu Jian
 22597 | Orc:1    | Noticed an orc warlord
 22607 | Orc:1    | Killed an orc warlord
 22900 | Orc:1    | Noticed Fannar
 22907 | Orc:1    | Killed Fannar
 22931 | Orc:1    | Noticed Erica
 22944 | Orc:1    | Killed Erica
 23165 | Orc:1    | Found Xaoruwn's Weapon Shop.
 23205 | Orc:2    | Entered Level 2 of the Orcish Mines
 23266 | Orc:2    | Found a staircase to the Elven Halls.
 23297 | Orc:2    | Found Bitaruvae's Assorted Antiques.
 23297 | Orc:2    | Found Vips's Magic Scroll Boutique.
 23317 | Orc:2    | Noticed Urug
 23364 | Orc:2    | Killed Urug
 23555 | Orc:2    | Found Pamal's Magic Scroll Shoppe.
 23570 | Orc:2    | Found Loib's Antique Armour Shop.
 24153 | D:12     | Got the Exposition on Lethal Pollution
 24266 | D:12     | Learned a level 7 spell: Dragon Form
 24972 | D:13     | Noticed Nessos
 24978 | D:13     | Found a gate to the Vaults.
 24981 | D:13     | Killed Nessos
 24985 | D:13     | Reached skill level 20 in Unarmed Combat
 24986 | D:13     | Mangled by a vault guard

Illustrated notes

Levels and vault maps discovered:
D:1:      matt_arrival_los_fun, layout_rooms, serial_shops,
          nicolae_shop_behind_doors, shop, lexackson_kobold_supper
D:2:      layout_loops_corners, dreamdust_ecumenical_altar_angels_and_demons,
          corner_web_ring
D:3:      layout_rooms, cheibrodos_worm_habitat, fedhas_altar_3, bloody_makhleb,
          gup_sewer_entry_spiral, gammafunk_ghost_icy
D:4:      layout_basic
D:5:      layout_cave_pods, nicolae_overflow_two_pavilions,
          minmay_temple_entry_offerings, uniq_crazy_yiuf_cottage, uniq_ijyb
D:6:      layout_loops_corners, serial_bayou_crossing
D:7:      layout_cave_pools, kennysheep_big_empty_room
D:8:      layout_rooms, minmay_misc_feat_rugged, nicolae_transmutations_shop
D:9:      layout_gridville, minmay_lair_entry_grove
D:10:     layout_roguey, mainiacjoe_overflow_large_starburst, serial_shops,
          nicolae_shop_industrial_runoff
D:11:     layout_loops_ring, hiddenorc2_lemuel, nicolae_trove_entry_isolated,
          gauntlet_entry_generic, serial_shops, shop, uniq_amaemon
D:12:     layout_loops_cross
D:13:     layout_cave_pools, erik_vaults_2, serial_shops, shop, uniq_nessos,
          uniq_azrael
Temple:   eino_wide_crystal_templ
Lair:1:   layout_misc_corridors
Lair:2:   layout_loops_ring
Lair:3:   beast_lair_carwin_large_3, layout_hall_layers,
          minmay_swamp_entry_reptiles, dummy_snake_entry, st_stairs_13,
          minmay_hedge_maze, grunt_megastairs_2
Lair:4:   gammafunk_mikee_crab_dinner, layout_regular_city,
          nicolae_slime_entry_slimehenge
Lair:5:   wormcave, layout_regular_city, hangedman_lair_tendril_chambers,
          enter_volcano_2, st_stairs_4, pdpol_lair_cavern_descent
Orc:1:    layout_caves, serial_shops, nicolae_shop_back_alley_shop,
          minmay_orc_barracks, uniq_fannar, uniq_erica, uniq_harold
Orc:2:    st_orc_rangers, layout_caves, nicolae_orc_stony_grotto,
          nicolae_orc_rockfall, uniq_urug

Skill      XL: |  1  2  3  4  5  6  7  8  9 10 11 12 13 14 15 |
---------------+----------------------------------------------+-----
Transmutations | 3 4 5 6 9 |  9.4
Unarmed Combat | 4 6 7 9 10 11 12 13 15 17 19 20 | 20.0
Spellcasting   | 3 4 |  4.0
Ice Magic      | 2 4 |  4.0
Fighting       | 3 5 7 10 12 14 16 17 | 17.8
Dodging        | 5 8 9 |  9.2
Stealth        | 3 6 |  6.0

Action                     |  1- 3 |  4- 6 |  7- 9 | 10-12 | 13-15 || total
---------------------------+-------+-------+-------+-------+-------++-------
  Melee: Unarmed           |   119 |   231 |   275 |   551 |   839 ||  2015
         Headbutt          |    16 |    15 |    19 |     2 |       ||    52
         Punch             |     1 |     4 |     6 |    11 |   102 ||   124
         Tailslap          |       |     1 |       |       |       ||     1
   Cast: Beastly Appendage |    17 |    19 |     8 |     4 |     2 ||    50
         Wereblood         |     3 |     4 |     5 |    10 |     1 ||    23
         Spider Form       |       |     4 |    19 |     2 |     4 ||    29
         Ice Form          |       |       |     2 |    31 |     5 ||    38
         Blade Hands       |       |       |       |     5 |    84 ||    89
 Invoke: Serpent's Lash    |       |       |       |     3 |     7 ||    10
Ability: Lunge             |       |       |    31 |    55 |    87 ||   173
         End Transformatio |       |       |     1 |       |     1 ||     2
         Whirlwind         |       |       |    24 |   111 |   165 ||   300
    Use: Potion            |     1 |       |     1 |       |       ||     2
         Scroll            |       |     7 |     3 |    12 |       ||    22
   Stab: Sleeping          |     1 |     3 |     1 |     4 |     2 ||    11
         Distracted        |       |       |     1 |     1 |     1 ||     3
 Armour: Skin              |     6 |     3 |    40 |    98 |    16 ||   163
         Robe              |    12 |    43 |    10 |     2 |       ||    67
         Steam dragon scal |       |       |       |    25 |   141 ||   166
  Dodge: Dodged            |    58 |   162 |   153 |   288 |   473 ||  1134
Riposte: Unarmed           |       |       |       |       |    16 ||    16
